 Dungeon Crawl Stone Soup version 0.24.0 (webtiles) character file.

Game seed: 1113725718959851080, levelgen mode: deterministic

9729 smystokes the Slicer (level 11, -21/102 HPs)
             Began as a Naga Artificer on Oct 25, 2019.
             Was a Priest of Dithmenos.
             Demolished by a large slime creature (36 damage)
             ... on level 10 of the Dungeon.
             The game lasted 01:40:22 (13849 turns).

smystokes the Slicer (Naga Artificer)              Turns: 13849, Time: 01:40:22

Health: -21/102    AC: 11    Str: 15    XL:     11   Next: 51%
Magic:  15/15      EV:  7    Int: 17    God:    Dithmenos [***...]
Gold:   460        SH:  4    Dex: 12    Spells: 14/16 levels left

rFire    . . .     SeeInvis +   a - +1 dagger (venom)
rCold    . . .     Gourm    .   w - +0 buckler
rNeg     . . .     Faith    .   K - +0 scale mail {MR+}
rPois    +         Spirit   .   B - +0 helmet {SInv}
rElec    .         Reflect  .   s - +0 cloak
rCorr    .         Harm     .   v - +1 pair of gloves
MR       ++...                  (no barding)
Stlth    ++++......             G - amulet of magic regeneration
HPRegen  0.27/turn              C - +3 ring of intelligence
MPRegen  0.39/turn              (no ring)

@: about to teleport, very slightly contaminated, wreathed by umbra, very slow
A: large, see invisible, deformed body, poison resistance, slowness 2, slow
metabolism 1, spit poison 1, AC +3
a: Spit Poison, Shadow Step, Renounce Religion


You were on level 10 of the Dungeon.
You worshipped Dithmenos.
Dithmenos was most pleased with you.
You were hungry.

You visited 2 branches of the dungeon, and saw 11 of its levels.

You collected 460 gold pieces.

Inventory:

Hand Weapons
 a - a +1 dagger of venom (weapon)
 b - a +1 long sword of holy wrath
Missiles
 n - 17 poisoned darts (quivered)
 q - 5 boomerangs
 A - 5 atropa-tipped darts
 J - 3 throwing nets
Armour
 j - a +0 ring mail
 s - a +0 cloak (worn)
 v - a +1 pair of gloves (worn)
 w - a +0 buckler (worn)
 B - a +0 helmet of see invisible (worn)
 E - a scarf of cloud immunity
 K - a +0 scale mail of magic resistance (worn)
Jewellery
 C - a +3 ring of intelligence (left hand)
 F - an uncursed ring of protection from cold
 G - an amulet of magic regeneration (around neck)
Wands
 c - a wand of flame (5)
 d - a wand of enslavement (8)
 e - a wand of random effects (15)
 D - a wand of acid (17)
Scrolls
 g - 2 scrolls of magic mapping
 h - 5 scrolls of remove curse
 k - 2 scrolls of fog
 m - 2 scrolls of enchant weapon
 o - 8 scrolls of teleportation
 r - a scroll of blinking {unknown}
 y - a scroll of immolation {unknown}
 N - 2 scrolls of enchant armour
 O - a scroll of vulnerability {unknown}
Potions
 i - 4 potions of flight
 t - a potion of resistance
 u - 4 potions of cancellation
 x - 2 potions of mutation
 z - 2 potions of curing
 H - a potion of might {unknown}
 I - a potion of haste {unknown}
 M - 2 potions of lignification {unknown}
Comestibles
 f - 18 rations


   Skills:
 + Level 7.7 Fighting
 - Level 10.0 Short Blades
   Level 0.1 Maces & Flails
 + Level 1.0 Armour
 + Level 2.0 Dodging
 + Level 9.2 Stealth
 - Level 2.4 Shields
 - Level 3.0 Spellcasting
 + Level 5.8 Hexes
 + Level 5.7 Necromancy
 - Level 6.0 Evocations


You had 14 spell levels left.
You knew the following spells:

 Your Spells              Type           Power        Failure   Level  Hunger
a - Confusing Touch       Hex            ###...       7%          1    None
b - Animate Skeleton      Necr           N/A          7%          1    None

Your spell library contained the following spells:

 Spells                   Type           Power        Failure   Level  Hunger
 Corona                   Hex            ###....      7%          1    None
 Slow                     Hex            ###.....     10%         2    ##.....
 Inner Flame              Hex/Fire       ##......     54%         3    ###....
 Portal Projectile        Hex/Tloc       ##....       54%         3    ###....
 Cause Fear               Hex            ###.......   54%         4    ####...
 Apportation              Tloc           #.....       56%         1    None
 Summon Small Mammal      Summ           #...         56%         1    None
 Leda's Liquefaction      Hex/Erth       ##........   91%         4    ####...


Dungeon Overview and Level Annotations

Branches:
Dungeon (10/15)            Temple (1/1) D:4            Lair (0/6) D:9
    Orc: D:9-12

Altars:
Ashenzari
Cheibriados
Dithmenos
Elyvilon
Fedhas
Gozag
Hepliaklqana
Kikubaaqudgha
Makhleb
Nemelex Xobeh
Okawaru
Qazlal
Ru
Sif Muna
Trog
Uskayaw
Vehumet
Wu Jian
Xom
Yredelemnul
Zin
The Shining One

Annotations:
D:3 2 runed translucent doors, Aggronaut's ghost, amateur DsMo
D:6 1 runed translucent door, Crazy Yiuf
D:9 1 runed translucent door, Gynju's ghost, novice DEFE


Innate Abilities, Weirdness & Mutations

You cannot wear boots.
Your serpentine skin is tough. (AC +3)
You have supernaturally acute eyesight. (SInv)
Armour fits poorly on your strangely shaped body.
Your system is resistant to poisons. (rPois)
You cover ground very slowly.
You have a slow metabolism.
You can spit poison.


Message History

You completely miss the large slime creature.
The large slime creature is severely wounded.
Your water moccasin skeleton bites the large slime creature.
Your scale mail prevents you from hitting the large slime creature.
The large slime creature is severely wounded.
The large slime creature barely misses you.
The slime creature hits you. You block the slime creature's attack.
You hit the large slime creature.
The large slime creature is severely wounded.
Your water moccasin skeleton bites the large slime creature.
You hit the large slime creature.
The large slime creature is severely wounded.
The large slime creature hits you!!
* * * LOW HITPOINT WARNING * * *
You block the slime creature's attack. x2
As you read the scroll of teleportation, it crumbles to dust.
You feel strangely unstable.
Your water moccasin skeleton bites the large slime creature.
The large slime creature hits you!!!
You die...

#..#
#.####)#
..# #[#
#..# #.#
##.# #.#
#..#
##.#
####
#..##
##%.##
##.J##
##@J##
##J.#
##Z##
#†.#
#..#
#S.#
.!.#
..>..
#......


You could see a large slime creature, 2 slime creatures and a friendly water
moccasin skeleton.

Vanquished Creatures
  Harold (D:7)
  A two-headed ogre (D:10)
  Joseph (D:8)
  A slime creature (D:10)
  Grinder (D:6)
  A hornet (D:8)
  A hippogriff (D:8)
  A spriggan (D:10)
  13 yaks
  A wyvern (D:8)
  2 basilisks (D:9)
  2 hungry ghosts
  Edmund (D:4)
  A water moccasin (D:10)
  Duvessa (D:6)
  3 porcupines (D:9)
  5 sky beasts
  An orc warrior (D:7)
  3 ogres
  A black bear (D:6)
  4 crocodiles
  3 centaurs
  5 bullfrogs
  3 scorpions
  Dowan (D:6)
  16 killer bees
  2 howler monkeys
  3 crimson imps
  3 hounds
  A bullfrog zombie (D:8)
  10 orc priests
  A bullfrog skeleton (D:7)
  8 orc wizards
  3 centaur skeletons
  2 worker ants
  A killer bee zombie (D:5)
  A hound skeleton (D:4)
  A howler monkey zombie (D:9)
  A worker ant zombie (D:5)
  8 gnolls
  7 adders
  2 shadow imps
  3 oozes
  2 worms (D:2)
  2 dart slugs
  9 leopard geckos
  38 orcs
  2 ball pythons
  10 bats
  7 giant cockroaches
  11 hobgoblins
  3 jackals (D:4)
  7 quokkas
  7 frilled lizards
  5 goblins
  14 kobolds
  A leopard gecko skeleton (D:7)
  2 quokka skeletons
  6 rats
257 creatures vanquished.

Vanquished Creatures (collateral kills)
  A hippogriff (D:10)
  2 yaks
  A porcupine (D:9)
  2 jellies
  2 worker ants
  2 gnolls (D:5)
  An adder (D:10)
  A leopard gecko (D:6)
  6 orcs
  A quokka skeleton (D:6)
19 creatures vanquished.

Vanquished Creatures (others)
  A gnoll (D:2)
  2 fungi (D:9)
  10 plants (D:9)
13 creatures vanquished.

Grand Total: 289 creatures vanquished

Notes
Turn   | Place    | Note
-------+----------+-------------------------------------------
     0 | D:1      | smystokes the Naga Artificer began the quest for the Orb.
     0 | D:1      | Reached XP level 1. HP: 18/18 MP: 3/3
   377 | D:1      | Reached XP level 2. HP: 14/25 MP: 4/4
   961 | D:1      | Reached XP level 3. HP: 32/32 MP: 5/5
  1950 | D:2      | Reached XP level 4. HP: 40/40 MP: 6/6
  2376 | D:2      | Found a faded altar of an unknown god.
  2731 | D:3      | Learned a level 1 spell: Confusing Touch
  2733 | D:3      | Learned a level 1 spell: Animate Skeleton
  3064 | D:3      | Reached skill level 1 in Shields
  3211 | D:3      | Reached XP level 5. HP: 48/49 MP: 7/7
  3503 | D:3      | Found a large runed translucent door.
  3505 | D:3      | Found a large runed translucent door.
  3508 | D:3      | Noticed Aggronaut's ghost (amateur DsMo)
  3630 | D:4      | Noticed Edmund
  3638 | D:3      | Reached skill level 2 in Short Blades
  3991 | D:4      | Killed Edmund
  3991 | D:4      | Reached skill level 3 in Short Blades
  3991 | D:4      | Reached XP level 6. HP: 37/56 MP: 8/8
  4574 | D:3      | Reached skill level 1 in Necromancy
  4574 | D:3      | Reached XP level 7. HP: 56/63 MP: 9/9
  4689 | D:4      | Reached skill level 1 in Hexes
  4702 | D:4      | Found a staircase to the Ecumenical Temple.
  4708 | Temple   | Entered the Ecumenical Temple
  4990 | D:3      | Reached skill level 4 in Short Blades
  5142 | D:3      | Reached skill level 1 in Spellcasting
  5286 | D:4      | Found a glowing silver altar of Zin.
  5303 | D:4      | Found a radiant altar of Vehumet.
  5303 | D:4      | Found a shadowy altar of Dithmenos.
  5305 | D:4      | Found a bloodstained altar of Trog.
  5310 | D:4      | Became a worshipper of Dithmenos the Shadowed
  5697 | D:5      | Entered Level 5 of the Dungeon
  6599 | D:5      | Found a hazy altar of Hepliaklqana.
  6629 | D:5      | Reached XP level 8. HP: 42/73 MP: 10/10
  7248 | D:5      | Reached skill level 5 in Short Blades
  7377 | D:5      | Found a blossoming altar of Fedhas.
  8191 | D:6      | Reached skill level 5 in Fighting
  8634 | D:6      | Reached skill level 6 in Short Blades
  8674 | D:6      | Noticed Grinder
  8686 | D:6      | Killed Grinder
  8686 | D:6      | Reached * piety under Dithmenos
  8686 | D:6      | Reached XP level 9. HP: 67/81 MP: 13/13
  8942 | D:6      | Found a runed translucent door.
  8942 | D:6      | Noticed Duvessa
  8942 | D:6      | Noticed Dowan
  8943 | D:6      | Killed Dowan
  8967 | D:6      | Killed Duvessa
  8968 | D:6      | Noticed Crazy Yiuf
  9488 | D:7      | Reached skill level 7 in Short Blades
  9871 | D:7      | Reached skill level 5 in Stealth
 10033 | D:7      | Noticed Harold
 10051 | D:7      | Killed Harold
 10051 | D:7      | Reached ** piety under Dithmenos
 10051 | D:7      | Reached skill level 8 in Short Blades
 10051 | D:7      | Reached XP level 10. HP: 91/92 MP: 14/14
 10217 | D:7      | Found a shimmering blue altar of Sif Muna.
 10716 | D:8      | Found a white marble altar of Elyvilon.
 10718 | D:8      | Noticed Joseph
 10727 | D:8      | Killed Joseph
 11323 | D:9      | Reached skill level 9 in Short Blades
 11323 | D:9      | Reached skill level 5 in Evocations
 11799 | D:9      | Found a staircase to the Lair.
 11894 | D:9      | Reached skill level 5 in Hexes
 11901 | D:9      | Reached skill level 5 in Necromancy
 11954 | D:9      | Reached XP level 11. HP: 77/100 MP: 15/15
 12408 | D:9      | Reached *** piety under Dithmenos
 12458 | D:9      | Found a runed translucent door.
 12460 | D:9      | Identified the +9 trident of Tartarus {flame, +Rage}
 12460 | D:9      | Noticed Gynju's ghost (novice DEFE)
 12784 | D:10     | Entered Level 10 of the Dungeon
 12859 | D:10     | Noticed a two-headed ogre
 12865 | D:10     | Killed a two-headed ogre
 12896 | D:10     | HP: 5/100 [yak (10)]
 13390 | D:10     | Reached skill level 10 in Short Blades
 13843 | D:10     | Reached skill level 1 in Armour
 13849 | D:10     | Demolished by a large slime creature

Levels and vault maps discovered:
D:1:      scummos_arrival_checkerplants, layout_loops_cross, minmay_distorted
D:2:      layout_loops_corners, serial_forest, infiniplex_forest_clump_double,
          infiniplex_forest_clump_diagonal, infiniplex_forest_clump_C,
          infiniplex_forest_corner_2, infiniplex_forest_straight_2,
          infiniplex_forest_clump_C, infiniplex_forest_lined_room_3,
          chequers_ecumenical_altar_simple
D:3:      layout_basic, ebering_ghost_disaster_area, first_ration
D:4:      layout_rooms, minitemple, temple_green, uniq_edmund
D:5:      layout_loops_corners, nicolae_overflow_crystal_walls,
          fedhas_altar_fruit_tree
D:6:      layout_loops_ring, uniq_grinder, uniq_crazy_yiuf_cottage, uniq_duvessa
D:7:      kennysheep_orc_sif_temple, layout_loops_ring, uniq_harold
D:8:      layout_loops_ring, overflow_temple_1_default, uniq_joseph
D:9:      layout_long_grid, minmay_lair_entry_grove, ebering_ghost_funeral_grove
D:10:     layout_layer_cave, the_bakery
Temple:   eino_temple_rhombus
